 Dungeon Crawl Stone Soup version 0.27-a0-328-g7f782ed93a (webtiles) character file.

Game seed: 334808207239916230

341 ReteAZ the Skirmisher (level 6, -7/67 HPs)
             Began as an Ogre Fighter on Feb 11, 2021.
             Killed by divine providence
             ... invoked by an orc priest
              (16 damage)
             ... on level 4 of the Dungeon.
             The game lasted 00:05:15 (4780 turns).

ReteAZ the Skirmisher (Ogre Fighter)                Turns: 4780, Time: 00:05:16

Health: -7/67      AC:  8    Str: 23    XL:     6   Next: 56%
Magic:  6/6        EV:  9    Int:  9    God:
Gold:   201        SH:  9    Dex:  8    Spells: 5/5 levels left

rFire    + . .     SeeInvis .   t - +2 long sword (holy)
rCold    . . .     Faith    .   c - +0 kite shield
rNeg     . . .     Spirit   .   b - +0 robe
rPois    .         Reflect  .   (helmet restricted)
rElec    .         Harm     .   g - +0 cloak
rCorr    .         Rampage  .   (gloves unavailable)
Will     .....                  (boots unavailable)
Stlth    +.........             (no amulet)
HPRegen  0.21/turn              o - +4 ring of protection
MPRegen  0.10/turn              w - ring of protection from fire

@: lethally poisoned (-7 -> -11)
A: large, unfitting armour, tough skin 1
a: no special abilities


You were on level 4 of the Dungeon.
You visited 1 branch of the dungeon, and saw 4 of its levels.

You collected 201 gold pieces.

Inventory:

Hand Weapons
 a - a +0 long sword
 h - a +0 whip of venom
 t - a +2 long sword of holy wrath (weapon)
Armour
 b - a +0 robe (worn)
 c - a +0 kite shield (worn)
 g - a +0 cloak (worn)
Jewellery
 o - a +4 ring of protection (left hand)
 q - a ring of protection from cold {unknown}
 w - a ring of protection from fire (right hand)
Wands
 v - a wand of charming (8)
Scrolls
 j - 6 scrolls of identify {unknown}
 k - 2 scrolls of magic mapping {unknown}
 p - a scroll of blinking {unknown}
 s - a scroll of immolation {unknown}
Potions
 d - a potion of might
 e - 2 potions of brilliance {unknown}
 f - 2 potions of degeneration {unknown}
 i - 2 potions of attraction {unknown}
 l - 2 potions of resistance {unknown}
 m - 2 potions of mutation {unknown}
 n - a potion of curing {unknown}
 r - a potion of heal wounds {unknown}
 u - a potion of lignification {unknown}


   Skills:
 + Level 5.8 Fighting
 + Level 3.3 Long Blades
 + Level 4.0 Dodging
 + Level 4.0 Shields


You had 5 spell levels left.
You didn't know any spells.
Your spell library was empty.

Dungeon Overview and Level Annotations

Branches:
Dungeon (4/15)
 Temple: D:4-7

Altars:
Elyvilon
Makhleb
Yredelemnul

Annotations:
D:3 Pikel
D:4 Dowan, Duvessa, Purgy


Innate Abilities, Weirdness & Mutations

You are too large for most types of armour.
You have tough skin. (AC +1)


Message History

The orc priest begins to cast a cantrip, but forgets the words!
The orc hits you but does no damage.
You slash the orc!
You kill the orc!
You feel sick. The orc barely misses you. You block the orc's attack.
The orc hits you with a +0 short sword.
The orc priest hits you but does no damage.
You completely miss the orc priest.
You feel sick. The orc hits you but does no damage. You block the orc's attack.
You block the orc priest's attack. The orc hits you but does no damage.
You barely miss the orc priest.
You feel sick. You block the orc's attack.
The orc priest invokes the aid of Beogh against you.
Pain shoots through your body! The orc hits you with a +0 club.
The orc hits you but does no damage.
You are too injured to fight recklessly!
You are too injured to fight recklessly!
You are too injured to fight recklessly!
You are too injured to fight recklessly!
You are too injured to fight recklessly!
You are too injured to fight recklessly!
You are too injured to fight recklessly!
You are too injured to fight recklessly!
You are too injured to fight recklessly!
You are too injured to fight recklessly!
You are too injured to fight recklessly!
You are too injured to fight recklessly!
You are too injured to fight recklessly!
You barely miss the orc priest.
You feel sick.
The orc priest hits you but does no damage.
You block the orc's attack. x2
The orc priest calls down the wrath of Beogh upon you.
Beogh smites you!
* * * LOW HITPOINT WARNING * * *
You hit the orc priest but do no damage.
You feel sick. You block the orc's attack.
The orc hits you with a +0 short sword.
* * * LOW HITPOINT WARNING * * *
The orc priest mumbles some strange prayers to Beogh against you.
Beogh smites you!
You die...

..........#
##...........
.........##
#............
.........#
#............
.........#
#............
........##
###..........
#.......#
###.######
###..#### ##.# ###
####oo# ####...@o#
# ###)...[...# #
####..........#
#####.............#
...............##.#
.......##########.#
######## #.# ##


You could see an orc priest and 2 orcs.

Vanquished Creatures
  4 lemures
  A scorpion (D:4)
  2 orc priests (D:3)
  Natasha (twice) (D:2)
  An iguana (D:4)
  A worker ant (D:4)
  An adder (D:2)
  A white imp (D:2)
  An ooze (D:3)
  A worm (D:4)
  A dart slug (D:1)
  6 leopard geckos
  7 orcs
  3 ball pythons
  8 bats
  8 giant cockroaches
  9 goblins
  9 hobgoblins
  6 jackals (D:3)
  17 kobolds
  2 quokkas
  A frilled lizard (D:3)
  7 rats
  A spectral orc (D:2)
100 creatures vanquished.

Notes
Turn   | Place    | Note
-------+----------+-------------------------------------------
     0 | D:1      | ReteAZ the Ogre Fighter began the quest for the Orb.
     0 | D:1      | Reached XP level 1. HP: 24/24 MP: 1/1
   192 | D:1      | Reached XP level 2. HP: 31/32 MP: 2/2
   610 | D:1      | Reached XP level 3. HP: 37/40 MP: 3/3
  1835 | D:2      | Found a white marble altar of Elyvilon.
  2284 | D:2      | Reached XP level 4. HP: 39/49 MP: 4/4
  2512 | D:2      | Noticed Natasha
  2518 | D:2      | Killed Natasha
  2610 | D:2      | Found a basalt altar of Yredelemnul.
  2734 | D:2      | Noticed Natasha
  2745 | D:2      | Killed Natasha
  2746 | D:2      | Reached skill level 5 in Fighting
  2746 | D:2      | Reached XP level 5. HP: 41/57 MP: 5/5
  3495 | D:3      | Reached XP level 6. HP: 66/66 MP: 6/6
  3815 | D:4      | Noticed Duvessa
  3815 | D:4      | Noticed Dowan
  3816 | D:4      | Noticed Purgy
  3984 | D:4      | Found a burning altar of Makhleb.
  4043 | D:4      | Noticed Pikel
  4780 | D:4      | Killed from afar by an orc priest

Illustrated notes

Levels and vault maps discovered:
D:1:      dpeg_arrival_rooms_with_view, layout_loops_corners,
          nrook_loot_triangle, st_stairs_11
D:2:      layout_loops_corners, yredelemnul_forgotten_temple_becter,
          elyvilon_altar_3, uniq_natasha
D:3:      layout_loops_ring
D:4:      layout_cave_pods, bloody_makhleb, portal_sewer_entry_f, uniq_purgy,
          uniq_duvessa, uniq_pikel

Skill      XL: |  1  2  3  4  5  6 |
---------------+-------------------+-----
Long Blades    | 2 3 |  3.3
Dodging        | 3 4 |  4.0
Shields        | 3 4 |  4.0
Fighting       | 5 |  5.8

Action                   |  1- 3 |  4- 6 || total
-------------------------+-------+-------++-------
Melee: Long sword        |    47 |   119 ||   166
       Whip              |    47 |    98 ||   145
Evoke: Wand              |       |     5 ||     5
Armor: Robe              |    47 |    96 ||   143
Dodge: Dodged            |    45 |    97 ||   142
Block: Kite shield       |    51 |   128 ||   179
       Rpst.: Long sword |     9 |    15 ||    24

Table legend: (Time is in decaauts)
 A = Elapsed time spent in this place.
 B = Non-inter-level travel time spent in this place.
 C = Inter-level travel time spent in this place.
 D = Time resting spent in this place.
 E = Time spent auto-exploring this place.
 F = Levels seen in this place.
 G = Mean time per level.
                   A        B        C        D        E       F      G
               +--------+--------+--------+--------+--------+-----+--------+
         Total |   4900 |   4803 |     97 |   1018 |   2925 |   4 | 1225.0 |
       Dungeon |   4900 |   4803 |     97 |   1018 |   2925 |   4 | 1225.0 |
               +--------+--------+--------+--------+--------+-----+--------+

Top non-repeatable levels by time:
     D:1: 1705 daAuts
     D:3: 1306 daAuts
     D:2: 1226 daAuts
     D:4: 662 daAuts
